 Dungeon Crawl Stone Soup version 0.26.1-11-gd32895ea62 (webtiles) character file.

Game seed: 5029186850355090324

12694 Almogavar the Destroyer (level 11, 0/85 HPs)
             Began as a Red Draconian Conjurer on May 18, 2021.
             Was a High Priest of Sif Muna.
             Hit by a boomerang thrown by an orc warrior (13 damage)
             ... on level 10 of the Dungeon.
             The game lasted 01:10:30 (15161 turns).

Almogavar the Destroyer (Red Draconian Conjurer)   Turns: 15161, Time: 01:10:30

Health: 0/85       AC: 11    Str: 16    XL:     11   Next: 65%
Magic:  11/25      EV: 14    Int: 27    God:    Sif Muna [*****.]
Gold:   763        SH:  0    Dex: 13    Spells: 19/30 levels left

rFire    + + .     SeeInvis .   l - +4 quarterstaff (chaos)
rCold    . . .     Faith    .   (shield currently unavailable)
rNeg     . . .     Spirit   .   (armour unavailable)
rPois    .         Reflect  .   w - +1 hat {Will+}
rElec    .         Harm     .   r - +1 cloak
rCorr    .         Rampage  .   S - +0 pair of gloves {Dex+3}
Will     +....                  (no boots)
Stlth    +++.......             (no amulet)
HPRegen  0.24/turn              R - ring "Idouqar" {rF+ Int+6}
MPRegen  0.19/turn              x - +6 ring of strength

@: no status effects
A: breathe fire, unfitting armour, fire resistance 1, cold-blooded, AC +7
a: Breathe Fire, Renounce Religion, Channel Magic, Forget Spell, Divine Exegesis


You were on level 10 of the Dungeon.
You worshipped Sif Muna.
Sif Muna was extremely pleased with you.
You visited 2 branches of the dungeon, and saw 11 of its levels.
You also visited: Ossuary and Bailey.

You collected 917 gold pieces.
You spent 154 gold pieces at shops.

Inventory:

Hand Weapons
 c - a +2 dagger of flaming
 h - a +0 whip of electrocution
 k - a +2 spear of freezing
 l - a +4 quarterstaff of chaos (weapon)
 m - a +3 trident of venom
Armour
 i - a +0 buckler
 r - a +1 cloak (worn)
 w - a +1 hat of willpower (worn)
 S - a +0 pair of gloves of dexterity (worn)
Jewellery
 d - an uncursed ring of fire
 x - a +6 ring of strength (right hand)
 R - the ring "Idouqar" (left hand) {rF+ Int+6}
   (You found it on level 9 of the Dungeon)

   [ring of protection from fire]

   It affects your intelligence (+6).
   It protects you from fire.
Wands
 g - a wand of disintegration (6)
 B - a wand of flame (42)
 F - a wand of digging (4)
 L - a wand of acid (9)
 N - a wand of enslavement (4)
 Q - a wand of paralysis (6)
Scrolls
 f - 2 scrolls of fog
 n - a scroll of teleportation
 o - 3 scrolls of fear
 p - 9 scrolls of remove curse
 s - 5 scrolls of amnesia
 t - 4 scrolls of enchant weapon
 u - 2 scrolls of random uselessness {unknown}
 y - a scroll of immolation {unknown}
 G - a scroll of enchant armour {unknown}
 I - a scroll of holy word {unknown}
 O - 3 scrolls of magic mapping
Potions
 a - 3 potions of lignification
 b - 7 potions of curing
 e - a potion of haste
 j - 3 potions of brilliance
 q - 4 potions of cancellation
 v - a potion of magic {unknown}
 z - 3 potions of degeneration {unknown}
 C - a potion of might
 D - 2 potions of flight {unknown}
 H - a potion of berserk rage {unknown}
 J - 2 potions of resistance {unknown}
 K - a potion of mutation {unknown}
 M - 2 potions of invisibility {unknown}
Miscellaneous
 P - a phantom mirror


   Skills:
 + Level 4.6 Fighting
 - Level 0.2 Axes
 + Level 7.0 Staves
 + Level 5.2 Dodging
 + Level 5.8 Stealth
 + Level 10.1 Spellcasting
 + Level 11.1 Conjurations
 + Level 0.3 Hexes
 + Level 0.4 Evocations


You had 19 spell levels left.
You knew the following spells:

 Your Spells              Type           Power        Failure   Level
a - Magic Dart            Conj           100%         1%          1
b - Searing Ray           Conj           100%         1%          2
c - Dazzling Flash        Conj/Hex       88%          1%          3
d - Iskenderun's Battles  Conj           65%          1%          5

Your spell library contained the following spells:

 Spells                   Type           Power        Failure   Level
 Stone Arrow              Conj/Erth      86%          1%          3
 Apportation              Tloc           26%          4%          1
 Sandblast                Erth           26%          4%          1
 Fulminant Prism          Conj/Hex       22%          4%          4
 Hailstorm                Conj/Ice       43%          4%          4
 Iskenderun's Mystic Bla  Conj/Tloc      43%          4%          4
 Passwall                 Tmut/Erth      10%          6%          2
 Tukima's Dance           Hex            15%          11%         3
 Lesser Beckoning         Tloc           6%           13%         3
 Bolt of Magma            Conj/Fire/Erth 16%          26%         5
 Orb of Destruction       Conj           32%          36%         7
 Petrify                  Tmut/Erth      13%          38%         4
 Summon Lightning Spire   Summ/Air       13%          38%         4
 Iron Shot                Conj/Erth      21%          54%         6
 Starburst                Conj/Fire      21%          54%         6
 Alistair's Intoxication  Tmut/Pois      8%           75%         5
 Lee's Rapid Deconstruct  Erth           6%           75%         5
 Freezing Cloud           Conj/Ice/Air   16%          82%         6
 Spellforged Servitor     Conj/Summ      21%          98%         7
 Invisibility             Hex            15%          99%         6


Dungeon Overview and Level Annotations

Branches:
Dungeon (10/15)            Temple (1/1) D:6         Ossuary (visited)
 Bailey (visited)
   Lair: D:8-11         Orc: D:9-12

Altars:
Cheibriados
Dithmenos
Elyvilon
Fedhas
Gozag
Hepliaklqana
Makhleb
Nemelex Xobeh
Okawaru
Qazlal
Ru
Sif Muna
Trog
Uskayaw
Vehumet
Wu Jian
Xom
Yredelemnul
Zin
The Shining One
Beogh

Shops:
D:6 ?

Annotations:
D:10 exclusion: orange crystal statue


Innate Abilities, Weirdness & Mutations

You can breathe blasts of fire.
Your fiery red scales are hard. (AC +7)
You cannot fit into any form of body armour.
Your flesh is heat resistant. (rF+)
You are cold-blooded and may be slowed by cold attacks.


Message History

You kill Erica!
Sif Muna accepts your kill.
Your Staves skill increases to level 7!
Things that are here:
a +0 short sword; 19 stones; 35 gold pieces The orc is no longer blind.
The orc warrior throws a boomerang.
The boomerang closely misses you.
The weapon returns to the orc warrior!
You see here a cursed -3 flail.
The orc warrior throws a boomerang.
The boomerang hits you but does no damage.
The weapon returns to the orc warrior!
Items here: ))) [[ ÷.
Things that are here:
a +5 spear; a +0 robe
Items here: ( ))) [[[.
Items here: ))) [ †.
You have got your breath back.
The orc warrior throws a boomerang.
The boomerang hits you!
You die...

###########
#..<.......
#@#########
#.# #.# #.#
#.# #####.#
#(..o.#
#)#####
#)############


You could see an orc warrior.

Vanquished Creatures
  Gastronok (D:10)
  Erolcha (D:10)
  Erica (D:10)
  2 two-headed ogres
  The ghost of Quickbrownfox the Covered, a novice MiFi of Okawaru (D:9)
  A cyclops (D:8)
  Psyche (D:10)
  A troll (D:9)
  A wyvern (D:10)
  Grum (D:10)
  Menkaure (D:5)
  Edmund (D:5)
  2 water moccasins
  7 orc warriors
  2 ice beasts (D:7)
  3 sky beasts
  A phantom (D:5)
  A black bear (D:9)
  3 ogres
  3 centaurs
  3 wolves
  4 bullfrogs
  A big kobold (D:8)
  An elf zombie (Ossuary)
  9 gnoll sergeants
  2 wyvern skeletons
  2 scorpions
  10 killer bees
  13 wights
  A jelly (D:5)
  Crazy Yiuf (D:2)
  2 human zombies (Ossuary)
  6 gnoll shamans (Bailey)
  3 centaur skeletons
  7 hounds
  8 orc priests
  11 orc wizards
  Jessica (D:3)
  6 worker ants
  A killer bee zombie (D:6)
  2 big kobold zombies (Ossuary)
  A hound zombie (D:7)
  A hound skeleton (D:4)
  2 mummies (Ossuary)
  Robin (D:2)
  29 gnolls
  9 adders
  4 shadow imps
  3 white imps
  3 ufetubi
  An ooze (D:6)
  2 adder zombies
  An adder skeleton (D:7)
  6 worms
  4 dart slugs
  4 leopard geckos
  55 orcs
  8 bats
  10 giant cockroaches
  24 goblins
  15 hobgoblins
  9 jackals
  6 quokkas
  3 ball pythons
  6 frilled lizards
  2 goblin zombies (Ossuary)
  11 hobgoblin zombies (Ossuary)
  16 kobolds
  8 kobold zombies (Ossuary)
  3 leopard gecko skeletons
  8 orc zombies (Ossuary)
  A quokka skeleton (D:5)
  A quokka zombie (D:9)
  13 rats
  A rat zombie (Ossuary)
400 creatures vanquished.

Vanquished Creatures (others)
  3 fungi (D:2)
  A plant (D:6)
4 creatures vanquished.

Grand Total: 404 creatures vanquished

Notes
Turn   | Place    | Note
-------+----------+-------------------------------------------
     0 | D:1      | Almogavar the Draconian Conjurer began the quest for the
                  | Orb.
     0 | D:1      | Reached XP level 1. HP: 14/14 MP: 3/3
   275 | D:1      | Reached XP level 2. HP: 20/20 MP: 0/5
   281 | D:1      | Learned a level 2 spell: Searing Ray
  1168 | D:2      | Reached XP level 3. HP: 26/26 MP: 3/6
  1687 | D:2      | Reached skill level 5 in Conjurations
  1856 | D:2      | Reached XP level 4. HP: 33/33 MP: 3/7
  1921 | D:2      | Identified the +5 helmet of Aruiblaz {rC+ Str+2}
  1921 | D:2      | Noticed Robin
  1930 | D:2      | Killed Robin
  2102 | D:2      | Found a runed translucent door.
  2103 | D:2      | Noticed Crazy Yiuf
  2557 | D:2      | Found a glowing silver altar of Zin.
  2959 | D:2      | Reached XP level 5. HP: 38/38 MP: 3/9
  3313 | D:2      | Killed Crazy Yiuf
  3930 | D:3      | Reached XP level 6. HP: 45/45 MP: 5/12
  4520 | D:3      | Noticed Jessica
  4524 | D:3      | Killed Jessica
  4631 | D:3      | Noticed a moth of wrath
  4669 | D:3      | Found a bloodstained altar of Trog.
  5569 | D:4      | Reached skill level 6 in Conjurations
  6013 | D:5      | Entered Level 5 of the Dungeon
  6013 | D:5      | Noticed Menkaure
  6019 | D:5      | Killed Menkaure
  6020 | D:5      | Your scales start taking on a fiery red colour.
  6020 | D:5      | Reached XP level 7. HP: 46/51 MP: 4/14
  6020 | D:5      | Gained mutation: Your flesh is heat resistant. (rF+) [Red
                  | Draconian growth]
  6284 | D:5      | Reached skill level 5 in Spellcasting
  6394 | D:5      | Reached skill level 1 in Staves
  6736 | D:5      | Reached skill level 7 in Conjurations
  6802 | D:5      | Found a sacrificial altar of Ru.
  6848 | D:5      | Found a radiant altar of Vehumet.
  7024 | D:5      | Reached XP level 8. HP: 58/58 MP: 11/16
  7184 | D:6      | Found Cemuin's Magic Scroll Shoppe.
  7184 | D:6      | Noticed Edmund
  7195 | D:5      | Killed Edmund
  7722 | D:6      | Identified Juodexig's Almanac of Hurtful Feathers
  7783 | D:6      | Found a staircase to the Ecumenical Temple.
  7792 | Temple   | Entered the Ecumenical Temple
  7807 | Temple   | Became a worshipper of Sif Muna the Loreminder
  7902 | D:6      | Found an iron altar of Okawaru.
  7983 | D:6      | Bought a scroll of magic mapping for 49 gold pieces
  7983 | D:6      | Bought a scroll of blinking for 105 gold pieces
  8329 | D:7      | Found a shimmering altar of Xom.
  8333 | D:7      | Reached skill level 1 in Fighting
  8422 | D:7      | Found a sand-covered staircase.
  8426 | Ossuary  | Entered an ossuary
  8612 | Ossuary  | Reached * piety under Sif Muna
  8993 | Ossuary  | Reached ** piety under Sif Muna
  8994 | Ossuary  | Reached XP level 9. HP: 21/67 MP: 19/19
  9357 | D:7      | Learned a level 3 spell: Dazzling Flash
  9692 | D:7      | Found a white marble altar of Elyvilon.
  9697 | D:7      | Found an iron altar of Okawaru.
 10193 | D:8      | Reached skill level 5 in Staves
 10273 | D:8      | Reached skill level 8 in Conjurations
 10510 | D:8      | Found a stormy altar of Qazlal.
 10814 | D:8      | Noticed a cyclops
 10837 | D:8      | Killed a cyclops
 11602 | D:9      | Reached XP level 10. HP: 77/77 MP: 12/21
 11607 | D:9      | Reached *** piety under Sif Muna
 11631 | D:9      | Found a flagged portal.
 11694 | Bailey   | Entered a bailey
 12287 | Bailey   | Reached skill level 9 in Conjurations
 12294 | Bailey   | Reached skill level 5 in Stealth
 12845 | D:9      | Reached **** piety under Sif Muna
 13142 | D:9      | Noticed a two-headed ogre
 13149 | D:9      | Killed a two-headed ogre
 13295 | D:9      | Found a radiant altar of Vehumet.
 13317 | D:9      | Identified the +1 chain mail "Tyhyevex" {rF- Dex+4 Stlth+}
 13318 | D:9      | Found a runed translucent gate.
 13318 | D:9      | Noticed Quickbrownfox's ghost (novice MiFi)
 13319 | D:9      | Found a runed translucent gate.
 13319 | D:9      | Found a runed translucent gate.
 13326 | D:9      | Found a roughly hewn altar of Beogh.
 13343 | D:9      | Killed Quickbrownfox's ghost
 13611 | D:9      | Got a scintillating marble ring
 13628 | D:9      | Identified the ring "Idouqar" {rF+ Int+6} (You found it on
                  | level 9 of the Dungeon)
 13646 | D:10     | Entered Level 10 of the Dungeon
 13792 | D:10     | Reached skill level 10 in Conjurations
 13881 | D:10     | Noticed Gastronok
 13894 | D:10     | Killed Gastronok
 13895 | D:10     | Reached skill level 5 in Dodging
 13895 | D:10     | Reached XP level 11. HP: 83/83 MP: 10/24
 13992 | D:10     | Noticed an orange crystal statue
 14018 | D:10     | Noticed Erolcha
 14030 | D:10     | Killed Erolcha
 14062 | D:10     | Noticed Grum
 14102 | D:10     | Noticed Erica
 14105 | D:10     | Noticed a two-headed ogre
 14108 | D:10     | Noticed Psyche
 14390 | D:10     | Killed Psyche
 14495 | D:10     | Killed Grum
 14785 | D:10     | Reached ***** piety under Sif Muna
 14924 | D:10     | Received a gift from Sif Muna
 15019 | D:10     | Killed a two-headed ogre
 15119 | D:10     | Learned a level 5 spell: Iskenderun's Battlesphere
 15138 | D:10     | Reached skill level 11 in Conjurations
 15143 | D:10     | Reached skill level 10 in Spellcasting
 15144 | D:10     | Killed Erica
 15161 | D:10     | Hit by a boomerang thrown by an orc warrior

Illustrated notes

Levels and vault maps discovered:
D:1:      amcnicky_arrival_double_pillar, layout_basic, st_stairs_9
D:2:      layout_loops_ring, zin_scriptorium, kennysheep_vampire_church,
          roderic_roman_lattice, uniq_robin, uniq_crazy_yiuf_cottage
D:3:      layout_basic, tgw_trog, minmay_joined_circles, uniq_jessica
D:4:      layout_basic, minmay_misc_feat_iff
D:5:      layout_gridville, overflow_temple_1_default, nicolae_ru_awakened_eye,
          uniq_menkaure
D:6:      layout_rooms, minmay_temple_entry_gardened_gates, serial_shops,
          nicolae_shop_waterfront, serial_glass, glass_columns_c,
          glass_columns_c, eino_small_chamber_without_monster, minivault_27,
          corexii_corridor_pit, okawaru_gym_becter, uniq_edmund
D:7:      layout_cave_pools, nicolae_overflow_crystal_walls,
          grunt_temple_overflow_open, enter_ossuary_5
D:8:      layout_loops_ring, nicolae_qazlal_style_of_elements, grunt_tough_drop
D:9:      layout_rooms, biasface_ghost_orc_armoury, enter_bailey_3,
          vehumet_altar_wand_db
D:10:     layout_loops_ring, erik_orc_4, kennysheep_nub, st_stairs_3,
          minivault_15, uniq_grum, uniq_psyche, uniq_erolcha, uniq_erica,
          uniq_gastronok
Temple:   cyrus_circular_temple

Skill      XL: |  1  2  3  4  5  6  7  8  9 10 11 |
---------------+----------------------------------+-----
Conjurations   | 5 6 7 8 10 11 | 11.1
Dodging        | 2 3 5 |  5.2
Stealth        | 2 3 4 5 |  5.8
Spellcasting   | 3 4 5 6 7 9 10 | 10.1
Staves         | 1 3 6 7 |  7.0
Fighting       | 2 3 4 |  4.6
Axes           | |  0.2
Hexes          | |  0.3
Evocations     | |  0.4

Action                   |  1- 3 |  4- 6 |  7- 9 | 10-12 || total
-------------------------+-------+-------+-------+-------++-------
Melee: Hand axe          |    13 |     2 |       |       ||    15
       Quarterstaff      |       |     8 |   129 |    26 ||   163
       Tailslap          |       |     1 |     7 |     2 ||    10
 Cast: Magic Dart        |    64 |    68 |   112 |    87 ||   331
       Searing Ray       |     6 |    44 |    64 |    75 ||   189
       Dazzling Flash    |       |       |       |     3 ||     3
       Iskenderun's Batt |       |       |       |     1 ||     1
 Abil: Breathe Fire      |       |       |     7 |    13 ||    20
Evoke: Wand              |       |       |       |     1 ||     1
  Use: Scroll            |     5 |     3 |     8 |     5 ||    21
       Potion            |       |       |       |     2 ||     2
 Stab: Sleeping          |       |       |     4 |     1 ||     5
       Petrifying        |       |       |       |     1 ||     1
Armor: Skin              |     8 |     6 |    66 |    22 ||   102
Dodge: Dodged            |    19 |    20 |   105 |    98 ||   242
